 Dungeon Crawl Stone Soup version 0.28.0 (webtiles) character file.

Game seed: 18238724312070289901

5270 pkoi the Destroyer (level 10, 0/69 HPs)
             Began as a Pale Draconian Conjurer on Feb 15, 2022.
             Was a Follower of Sif Muna.
             Slain by a cane toad (15 damage)
             ... on level 1 of the Lair of Beasts.
             The game lasted 00:16:51 (13911 turns).

pkoi the Destroyer (Pale Draconian Conjurer)       Turns: 13911, Time: 00:16:52

Health: 0/69       AC: 10    Str: 10    XL:     10   Next: 36%
Magic:  12/16      EV: 13    Int: 22    God:    Sif Muna [*.....]
Gold:   409        SH:  0    Dex: 16    Spells: 9/17 levels left

rFire   . . .      SeeInvis .   w - +3 long sword (vorpal)
rCold   . . .      Faith    .   (no shield)
rNeg    . . .      Spirit   .   (armour unavailable)
rPois   .          Reflect  .   (helmet restricted)
rElec   .          Harm     .   D - +0 cloak
rCorr   .          Rampage  .   (no gloves)
Will    .....                   A - +1 pair of boots
Stlth   ++........              (no amulet)
HPRegen 0.21/turn               u - +6 ring of dexterity
MPRegen 0.15/turn               y - ring of wizardry

@: lethally poisoned (0 -> -10), short of breath, weak-willed
A: breathe steam, AC +7, unfitting armour, cold-blooded, steam resistance
a: Breathe Steam, Renounce Religion, Channel Magic


You were on level 1 of the Lair of Beasts.
You worshipped Sif Muna.
Sif Muna was aware of your devotion.
You visited 2 branches of the dungeon, and saw 9 of its levels.

You collected 409 gold pieces.

Inventory:

Hand Weapons
 e - a +0 dagger
 i - a +2 hunting sling of flaming
 n - a +3 dagger
 w - a +3 vorpal long sword (weapon)
Missiles
 m - 4 curare-tipped darts
Armour
 A - a +1 pair of boots (worn)
 D - a +0 cloak (worn)
Magical Staves
 b - a staff of fire
Jewellery
 t - a +6 ring of dexterity
 u - a +6 ring of dexterity (left hand)
 y - a ring of wizardry (right hand)
Wands
 p - a wand of polymorph (22)
 z - a wand of iceblast (11)
 C - a wand of paralysis (4)
Scrolls
 d - 4 scrolls of teleportation
 h - a scroll of torment
 l - a scroll of enchant armour
 s - a scroll of holy word
 B - a scroll of identify
Potions
 c - 2 potions of lignification {unknown}
 f - 4 potions of heal wounds
 g - a potion of magic
 j - a potion of curing
 k - 3 potions of ambrosia
 o - 3 potions of haste
 q - a potion of resistance
 r - 3 potions of brilliance
 x - a potion of cancellation


   Skills:
 + Level 3.5 Dodging
 - Level 1.7 Stealth
 - Level 4.0 Spellcasting
 + Level 12.1 Conjurations
 - Level 6.0 Translocations
 - Level 7.1 Invocations


You had 9 spell levels left.
You knew the following spells:

 Your Spells              Type           Power      Damage    Failure   Level
a - Magic Dart            Conj           100%       1d8       1%          1
b - Searing Ray           Conj           100%       2d8       1%          2
c - Iskenderun's Mystic   Conj/Tloc      44%        2d10      1%          4
d - Apportation           Tloc           60%        N/A       1%          1

Your spell library contained the following spells:

 Spells                   Type           Power      Damage    Failure   Level
 Dazzling Flash           Conj/Hex       62%        N/A       1%          3
 Fulminant Prism          Conj/Hex       15%        3d11      3%          4
 Animate Dead             Necr           2%         N/A       38%         4
 Alistair's Intoxication  Tmut/Pois      2%         N/A       73%         5
 Borgnjor's Vile Clutch   Necr/Erth      2%         N/A       73%         5
 Death Channel            Necr           2%         N/A       99%         6


Dungeon Overview and Level Annotations

Branches:
Dungeon (8/15)             Temple (0/1) D:6            Lair (1/6) D:8

Altars:
Fedhas
Okawaru
Ru
Sif Muna

Shops:
D:8 *

Annotations:
D:6 exclusion: oklob plant
D:8 Joseph


Innate Abilities, Weirdness & Mutations

You can breathe blasts of scalding, opaque steam.
Your pale cyan-grey scales are hard. (AC +7)
You cannot fit into any form of body armour.
You are cold-blooded and may be slowed by cold attacks.
You are immune to the effects of steam.


Message History

The flash freeze misses you. The rime drake breathes ice at you.
The flash freeze hits you!
* * * LOW HITPOINT WARNING * * *
You are encased in ice.
Aiming: Breathe Steam (1% risk of failure)
Press: ? - help, Shift-Dir - straight line, f - rime drake
Aim: a rime drake (catching its breath, 67% to hit)
You exhale a blast of scalding steam.
The ball of steam hits the rime drake!
The rime drake is moderately wounded.
The rime drake is engulfed in a cloud of scalding steam. x2
Unknown command.
The rime drake is engulfed in a cloud of scalding steam.
The cane toad stings you!
* * * LOW HITPOINT WARNING * * *
Casting: Searing Ray (safe; 1% risk of failure)
Confirm with . or Enter, or press ? or * to list all spells.
Aiming: Searing Ray (safe; 1% risk of failure)
Press: ? - help, Shift-Dir - straight line, f/p - rime drake
Aim: a rime drake (severely wounded, 79% to hit)
The searing ray hits the cane toad.
The cane toad is lightly wounded.
The searing ray hits the rime drake.
The rime drake is severely wounded. (Press . to maintain the ray.)
The cane toad misses you.
The searing ray hits the rime drake!
The rime drake is almost dead.
The ice encasing you melts away. The cane toad stings you!
* * * LOW HITPOINT WARNING * * *
You are poisoned.
The cane toad poisons you! The rime drake bites you.
* * * LOW HITPOINT WARNING * * *
The searing ray hits the rime drake!
You kill the rime drake!
Sif Muna accepts your kill.
You feel very sick. The cane toad misses you. The cane toad stings you!
You die...

###.....#P######.....#
###.....######.#.....#
.....................###.
.........................
.....................§§§.
........§............§§..
......§§§§...............
####...§§................
..#.###§§§§.....@F.......
......##§§§..........#.##
.......§#.....§.....#....
.#.......#.......?.......
..##.....#..§.§.....#....
...##.....##........#....
......#....##.......P ...
##....#.....#......... ..
#.##.......## ..


You could see a cane toad.

Vanquished Creatures
  3 centaur zombies (D:7)
  A black mamba (Lair:1)
  A rime drake (Lair:1)
  2 cane toads (Lair:1)
  6 yaks
  3 wargs (D:8)
  A water moccasin (D:8)
  2 orc warriors
  A black bear (D:4)
  A sky beast (D:8)
  4 necrophages
  An ogre (D:5)
  A centaur (D:8)
  3 bullfrogs
  A kobold brigand (D:8)
  3 scorpions
  3 killer bees (D:7)
  3 wights (D:6)
  9 howler monkeys
  A jelly (D:4)
  8 orc priests
  A centaur skeleton (D:6)
  A hound (D:5)
  A bullfrog skeleton (D:6)
  An iguana (D:5)
  5 orc wizards
  Robin (D:2)
  3 hound skeletons
  3 gnolls (D:4)
  4 adders
  2 shadow imps
  A white imp (D:8)
  An ufetubus (D:4)
  2 adder skeletons (D:4)
  A worm (D:4)
  2 dart slugs
  29 orcs
  2 ball pythons (D:1)
  6 endoplasms
  2 giant cockroaches
  12 hobgoblins
  6 jackals
  A quokka (D:1)
  6 bats
  2 frilled lizards
  12 goblins
  8 kobolds
  5 rats
178 creatures vanquished.

Vanquished Creatures (others)
  A fungus (Lair:1)
  2 plants (Lair:1)
  17 toadstools (D:6)
20 creatures vanquished.

Grand Total: 198 creatures vanquished

Notes
Turn   | Place    | Note
-------+----------+-------------------------------------------
     0 | D:1      | pkoi the Draconian Conjurer began the quest for the Orb.
     0 | D:1      | Reached XP level 1. HP: 14/14 MP: 3/3
   515 | D:1      | Reached XP level 2. HP: 20/20 MP: 1/5
   561 | D:1      | Learned a level 2 spell: Searing Ray
  1420 | D:1      | Reached skill level 5 in Conjurations
  1634 | D:2      | Reached XP level 3. HP: 26/26 MP: 0/6
  2190 | D:2      | Noticed Robin
  2334 | D:2      | Found a faded altar of an unknown god.
  2335 | D:2      | Noticed a shining eye
  2340 | D:2      | Noticed a golden eye
  2344 | D:2      | Noticed an eye of devastation
  2344 | D:2      | Noticed a golden eye
  2847 | D:2      | Killed Robin
  2848 | D:2      | Reached XP level 4. HP: 23/33 MP: 0/7
  3329 | D:3      | Noticed a necrophage
  3337 | D:2      | Learned a level 4 spell: Iskenderun's Mystic Blast
  3570 | D:3      | Killed a necrophage
  3571 | D:3      | Reached skill level 6 in Conjurations
  3571 | D:3      | Reached XP level 5. HP: 34/38 MP: 2/8
  3964 | D:3      | Reached skill level 7 in Conjurations
  4635 | D:4      | Noticed a black bear
  4641 | D:4      | Killed a black bear
  4642 | D:4      | Reached XP level 6. HP: 31/45 MP: 0/9
  4995 | D:4      | Reached skill level 8 in Conjurations
  5114 | D:4      | Your scales start taking on a pale cyan-grey colour.
  5114 | D:4      | Reached XP level 7. HP: 50/50 MP: 6/10
  5114 | D:4      | Gained mutation: You are immune to the effects of steam.
                  | [Pale Draconian growth]
  5170 | D:4      | Found Baruapih's Bounteous Boutique.
  5893 | D:4      | Found an iron altar of Okawaru.
  6040 | D:5      | Entered Level 5 of the Dungeon
  6222 | D:5      | Reached skill level 9 in Conjurations
  6698 | D:5      | Found a sacrificial altar of Ru.
  6711 | D:5      | Became a worshipper of Ru the Awakened
  6973 | D:5      | Found a shimmering blue altar of Sif Muna.
  7067 | D:5      | Fell from the grace of Ru
  7067 | D:5      | Became a worshipper of Sif Muna the Loreminder
  7539 | D:6      | Found a blossoming altar of Fedhas.
  7550 | D:6      | Noticed an oklob plant
  7618 | D:6      | Reached skill level 1 in Invocations
  7679 | D:6      | Reached skill level 1 in Translocations
  7819 | D:6      | Reached XP level 8. HP: 22/57 MP: 1/11
  8181 | D:6      | Reached skill level 10 in Conjurations
  8400 | D:6      | Found a staircase to the Ecumenical Temple.
  8530 | D:6      | Learned a level 1 spell: Apportation
 10167 | D:7      | Reached XP level 9. HP: 53/62 MP: 9/15
 10935 | D:7      | Reached * piety under Sif Muna
 10936 | D:7      | Reached skill level 5 in Invocations
 11006 | D:7      | Reached skill level 11 in Conjurations
 11006 | D:7      | Reached skill level 5 in Translocations
 11529 | D:8      | Found Vaegokiu's General Store.
 11600 | D:8      | Noticed Joseph
 11865 | D:8      | Found a staircase to the Lair.
 12024 | D:8      | Reached XP level 10. HP: 69/69 MP: 3/16
 13282 | Lair:1   | Entered Level 1 of the Lair of Beasts
 13282 | Lair:1   | Noticed a cane toad
 13288 | Lair:1   | Killed a cane toad
 13341 | Lair:1   | Noticed a black mamba
 13361 | Lair:1   | Noticed a cane toad
 13367 | Lair:1   | Killed a cane toad
 13373 | Lair:1   | Killed a black mamba
 13374 | Lair:1   | Reached skill level 12 in Conjurations
 13904 | Lair:1   | Noticed a cane toad
 13911 | Lair:1   | Slain by a cane toad

Illustrated notes

Levels and vault maps discovered:
D:1:      psy_arrival_spokes, layout_basic
D:2:      layout_loops_ring, serial_co_window_serial, co_window_corner_a,
          co_window_cross_1, co_window_paths_b, co_window_paths_a,
          co_window_paths_b, co_window_cross_1, co_window_corner_a,
          co_window_unsneaky_path_b, co_window_broadway_a, co_window_cross_3,
          co_window_paths_c, co_window_of_opportunity_b, co_window_4corner_a,
          glass_columns_a, hellmonk_ecumenical_altar_watching_god, uniq_robin
D:3:      layout_basic
D:4:      layout_basic, kennysheep_mini_moat, nicolae_alphabet_shops
D:5:      layout_loops_corners, marbit_many_paths, nicolae_ru_awakened_eye
D:6:      layout_basic, tgw_fedhas, minmay_temple_entry_butterflies,
          dk_vineyard_2
D:7:      layout_cave_pools
D:8:      layout_loops_ring, brannock_xom_greatest_gift,
          erik_lair_orcish_takeover, serial_shops, nicolae_shop_statue_plus,
          uniq_joseph
Lair:1:   hellmonk_ruined_rings, layout_regular_city,
          infiniplex_staircase_pool_2

Skill      XL: |  1  2  3  4  5  6  7  8  9 10 |
---------------+-------------------------------+-----
Conjurations   | 5 6 7 8 9 10 11 12 | 12.1
Invocations    | 1 4 6 7 |  7.1
Translocations | 1 3 6 |  6.0
Spellcasting   | 4 |  4.0
Dodging        | 3 |  3.5
Stealth        | |  1.7

Action                   |  1- 3 |  4- 6 |  7- 9 | 10-12 || total
-------------------------+-------+-------+-------+-------++-------
Melee: Unarmed           |     7 |       |       |       ||     7
       Tailslap          |     5 |     1 |     3 |       ||     9
       Dagger            |    44 |     1 |     6 |       ||    51
       Punch             |       |     1 |       |       ||     1
       Long sword        |       |       |    13 |    11 ||    24
 Cast: Magic Dart        |    72 |    50 |   116 |    20 ||   258
       Searing Ray       |     3 |     7 |    47 |     8 ||    65
       Apportation       |       |       |     2 |       ||     2
 Abil: Breathe Steam     |       |       |    11 |     3 ||    14
  Use: Scroll            |       |       |    18 |     3 ||    21
       Potion            |       |       |       |     1 ||     1
Armor: Skin              |    12 |     5 |    36 |    10 ||    63
Dodge: Dodged            |    33 |     6 |    57 |    28 ||   124
